 Dungeon Crawl Stone Soup version 0.23-a0-673-g3803c42 (webtiles) character file.

12660 Blackhawk the Grappler (level 11, -1/113 HPs)
             Began as a Troll Monk on Jan 8, 2019.
             Was an Elder of Makhleb.
             Slain by a ten-headed hydra (2 damage)
             ... on level 3 of the Lair of Beasts on Jan 9, 2019.
             The game lasted 00:23:52 (9791 turns).

Blackhawk the Grappler (Troll Monk)                 Turns: 9791, Time: 00:23:53

Health: -1/113     AC:  7    Str: 26    XL:     11   Next: 65%
Magic:  13/13      EV: 15    Int:  6    God:    Makhleb [****..]
Gold:   590        SH:  0    Dex: 15    Spells: 10/10 levels left

rFire    . . .     SeeInvis .     - Unarmed
rCold    . . .     Gourm    +   (no shield)
rNeg     . . .     Faith    .   H - +0 troll leather armour
rPois    +         Spirit   .   (helmet restricted)
rElec    .         Reflect  .   (no cloak)
rCorr    .         Harm     .   (gloves unavailable)
MR       .....                  (boots unavailable)
Stlth    +.........             (no amulet)
HPRegen  1.08/turn              h - +4 ring of evasion
MPRegen  0.13/turn              v - ring of poison resistance

@: mighty, heavily drained
A: large, unfitting armour, claws 3, fast metabolism 3, gourmand, regeneration
1, shaggy fur 1, tough skin 2
a: Minor Destruction, Lesser Servant of Makhleb, Major Destruction, Renounce
Religion


You were on level 3 of the Lair of Beasts.
You worshipped Makhleb.
Makhleb was greatly pleased with you.
You were completely stuffed.

You visited 3 branches of the dungeon, and saw 14 of its levels.

You collected 590 gold pieces.

Inventory:

Missiles
 l - a throwing net (quivered)
Armour
 H - a +0 troll leather armour (worn)
Jewellery
 h - a +4 ring of evasion (left claw)
 m - the ring of the City {rElec rF+++ MR- Dex+2 Stlth+}
   (You acquired it on level 8 of the Dungeon)

   [ring of dexterity]

   It affects your dexterity (+2).
   It renders you almost immune to fire.
   It insulates you from electricity.
   It affects your resistance to hostile enchantments.
   It makes you more stealthy.
 q - an uncursed ring of protection from cold
 r - an uncursed ring of flight
 v - a ring of poison resistance (right claw)
 I - the ring of the Snail {rN++ MR+++ MP+9 Int+2 Dex-4}
   (You found it on level 9 of the Dungeon)

   [ring of magical power]

   It affects your intelligence (+2).
   It affects your dexterity (-4).
   It greatly protects you from negative energy.
   It affects your resistance to hostile enchantments.
   It affects your magic capacity (+9).
Wands
 p - a wand of paralysis (3)
 u - a wand of flame (20)
 y - a wand of random effects (39)
 A - a wand of polymorph (16)
 C - a wand of acid (9)
 D - a wand of iceblast (11)
Scrolls
 a - a scroll of amnesia {unknown}
 c - 2 scrolls of enchant weapon
 f - 6 scrolls of remove curse
 k - 2 scrolls of fog
 n - a scroll of fear
 G - 2 scrolls of teleportation
Potions
 d - a potion of mutation
 e - 3 potions of heal wounds
 g - a potion of resistance
 i - 2 potions of might
 j - 2 potions of degeneration {unknown}
 o - 4 potions of haste {unknown}
 s - 2 potions of berserk rage {unknown}
 t - a potion of invisibility
 w - 2 potions of agility
 z - 6 potions of curing
 B - 3 potions of lignification {unknown}
 F - 2 potions of brilliance {unknown}
Comestibles
 b - 18 rations


   Skills:
 + Level 8.6(6.5) Fighting
 - Level 3.0(1.1) Armour
 + Level 5.8(3.8) Dodging
 - Level 1.0(0.0) Stealth
 + Level 13.3(10.8) Unarmed Combat
 + Level 4.4(2.4) Invocations


You had 10 spell levels left.
You didn't know any spells.
Your spell library was empty.

Dungeon Overview and Level Annotations

Branches:
Dungeon (10/15)            Temple (1/1) D:5            Lair (3/6) D:9
  Swamp: Lair:2-4    Shoals: Lair:2-4     Snake: Lair:2-4    Spider: Lair:2-4
    Orc: D:9-12

Altars:
Ashenzari
Cheibriados
Dithmenos
Elyvilon
Fedhas
Gozag
Hepliaklqana
Kikubaaqudgha
Makhleb
Nemelex Xobeh
Okawaru
Qazlal
Ru
Sif Muna
Trog
Uskayaw
Vehumet
Wu Jian
Xom
Yredelemnul
Zin
The Shining One

Shops:
D:7 =

Annotations:
D:3 3 runed doors, brokenspear's ghost, amateur DrTm
Lair:1 exclusion: oklob plant
Lair:2 exclusion: hydra


Innate Abilities, Weirdness & Mutations

You are too large for most types of armour.
You have claws for hands.
Your metabolism is lightning-fast.
You like to eat raw meat.
Your natural rate of healing is unusually fast.
You are covered in fur. (AC +1)
You have very tough skin. (AC +2)


Message History

The eight-headed hydra grows two more!
You mangle the ten-headed hydra!!
The ten-headed hydra is almost dead.
The ten-headed hydra bites you!
* * * LOW HITPOINT WARNING * * *
The ten-headed hydra barely misses you. The ten-headed hydra bites you!
* * * LOW HITPOINT WARNING * * *
The ten-headed hydra completely misses you.
The ten-headed hydra bites you!
* * * LOW HITPOINT WARNING * * *
The ten-headed hydra misses you. The ten-headed hydra bites you.
* * * LOW HITPOINT WARNING * * *
The ten-headed hydra bites you but does no damage.
The ten-headed hydra barely misses you.
The ten-headed hydra closely misses you.
You barely miss the ten-headed hydra.
The ten-headed hydra is almost dead.
The ten-headed hydra barely misses you. The ten-headed hydra bites you.
* * * LOW HITPOINT WARNING * * *
The ten-headed hydra bites you.
You die...

#.## #...# .
#..P . #..
#.#### #.#.#
##.### .
##..P## ..
#.#.D@####..#
###....#....#
##....PP.#
##.....#..
#.........
##...##....
###..### ....
#### #...##
... .#.#
##..#


You could see a ten-headed hydra.

Vanquished Creatures
  A two-headed ogre (D:9)
  5 spiny frogs
  Psyche (D:8)
  A rime drake (Lair:2)
  4 komodo dragons
  A tyrant leech (Lair:3)
  3 trolls
  4 polar bears (Lair:1)
  A hornet (Lair:1)
  2 hippogriffs (Lair:1)
  9 yaks
  Eustachio (D:5)
  A basilisk (D:9)
  2 wyverns
  2 hungry ghosts
  Menkaure (D:4)
  An acid dragon (D:9)
  3 water moccasins
  5 porcupines (Lair:1)
  Duvessa (D:5)
  An orc warrior (D:8)
  5 black bears
  A sky beast (D:8)
  An ogre (D:4)
  2 centaurs
  5 crocodiles
  6 bullfrogs
  A water moccasin zombie (D:8)
  2 scorpions
  Dowan (D:5)
  A killer bee (D:9)
  3 howler monkeys
  An electric eel (D:6)
  2 crimson imps
  A quasit (D:9)
  4 orc priests
  A bullfrog skeleton (D:9)
  5 hounds
  9 orc wizards
  Natasha (thrice) (D:2)
  2 iguanas
  7 hell rats (Lair:3)
  11 worker ants
  A hound zombie (D:5)
  A hound skeleton (D:6)
  A worker ant zombie (D:7)
  Robin (D:3)
  A howler monkey skeleton (D:4)
  7 gnolls
  9 adders
  3 oozes
  2 adder skeletons
  A worm (D:4)
  4 dart slugs
  5 leopard geckos
  23 orcs
  7 giant cockroaches
  11 goblins
  9 hobgoblins
  5 quokkas
  A ball python (D:2)
  8 bats
  4 frilled lizards
  5 kobolds
  7 rats
240 creatures vanquished.

Vanquished Creatures (others)
  3 fungi
  5 plants (Lair:3)
8 creatures vanquished.

Grand Total: 248 creatures vanquished

Notes
Turn   | Place    | Note
-------+----------+-------------------------------------------
     0 | D:1      | Blackhawk the Troll Monk began the quest for the Orb.
     0 | D:1      | Reached XP level 1. HP: 22/22 MP: 0/0
    42 | D:1      | Reached XP level 2. HP: 29/29 MP: 1/1
   162 | D:1      | Reached skill level 4 in Unarmed Combat
   466 | D:2      | Reached XP level 3. HP: 35/36 MP: 2/2
   560 | D:2      | Reached skill level 5 in Unarmed Combat
   560 | D:2      | Reached XP level 4. HP: 39/44 MP: 3/3
   666 | D:2      | Noticed Natasha
   671 | D:2      | Killed Natasha
   700 | D:2      | Found a shattered altar of Ashenzari.
   850 | D:2      | Reached XP level 5. HP: 27/50 MP: 4/4
   960 | D:2      | Reached skill level 6 in Unarmed Combat
   994 | D:2      | Found a faded altar of an unknown god.
  1052 | D:2      | Noticed Natasha
  1061 | D:2      | Killed Natasha
  1145 | D:2      | Noticed Natasha
  1152 | D:2      | Killed Natasha
  1356 | D:3      | Reached XP level 6. HP: 59/59 MP: 5/5
  1462 | D:3      | Reached skill level 7 in Unarmed Combat
  1462 | D:3      | Noticed Robin
  1480 | D:3      | Killed Robin
  1575 | D:3      | Found a runed gate.
  1575 | D:3      | Found a runed gate.
  1575 | D:3      | Found a runed gate.
  1680 | D:3      | Noticed brokenspear's ghost (amateur DrTm)
  2139 | D:4      | Reached skill level 8 in Unarmed Combat
  2320 | D:4      | Reached XP level 7. HP: 54/66 MP: 6/6
  2540 | D:4      | Noticed Menkaure
  2552 | D:4      | Killed Menkaure
  2552 | D:4      | Reached skill level 9 in Unarmed Combat
  2783 | D:5      | Entered Level 5 of the Dungeon
  2783 | D:5      | Noticed Duvessa
  2783 | D:5      | Noticed Dowan
  2787 | D:5      | Killed Dowan
  2836 | D:5      | Killed Duvessa
  2874 | D:5      | Found a staircase to the Ecumenical Temple.
  2895 | Temple   | Entered the Ecumenical Temple
  2944 | Temple   | Became a worshipper of Makhleb the Destroyer
  2944 | Temple   | Reached * piety under Makhleb
  2944 | Temple   | Reached ** piety under Makhleb
  2990 | D:5      | Reached XP level 8. HP: 74/74 MP: 7/7
  3273 | D:5      | Found a glowing golden altar of the Shining One.
  3481 | D:5      | Noticed Eustachio
  3493 | D:5      | Killed Eustachio
  3493 | D:5      | Reached skill level 10 in Unarmed Combat
  5087 | D:7      | Reached skill level 5 in Fighting
  5087 | D:7      | Reached skill level 11 in Unarmed Combat
  5087 | D:7      | Reached XP level 9. HP: 88/88 MP: 8/8
  5136 | D:7      | Found Kouti's Jewellery Emporium.
  6033 | D:8      | Noticed a troll
  6039 | D:8      | Killed a troll
  6082 | D:8      | Identified 2 scrolls of acquirement
  6083 | D:8      | Got a warped lapis lazuli ring
  6084 | D:8      | Identified the ring of the City {rElec rF+++ MR- Dex+2
                  | Stlth+} (You acquired it on level 8 of the Dungeon)
  6262 | D:8      | Found a bloodstained altar of Trog.
  6280 | D:8      | Noticed Psyche
  6285 | D:8      | Killed Psyche
  6595 | D:9      | Reached *** piety under Makhleb
  6595 | D:9      | Reached skill level 12 in Unarmed Combat
  6708 | D:9      | Noticed a troll
  6711 | D:9      | Killed a troll
  6736 | D:9      | Noticed a troll
  6743 | D:9      | Killed a troll
  6743 | D:9      | Reached skill level 1 in Armour
  6743 | D:9      | Reached XP level 10. HP: 33/100 MP: 9/9
  6976 | D:9      | Noticed a two-headed ogre
  6979 | D:9      | Killed a two-headed ogre
  7342 | D:9      | Found a staircase to the Lair.
  7349 | D:9      | Got a translucent silver ring
  7484 | D:9      | Identified the ring of the Snail {rN++ MR+++ MP+9 Int+2
                  | Dex-4} (You found it on level 9 of the Dungeon)
  7497 | D:10     | Entered Level 10 of the Dungeon
  7634 | Lair:1   | Entered Level 1 of the Lair of Beasts
  7885 | Lair:1   | You fall through a shaft!
  7951 | Lair:1   | Reached skill level 1 in Invocations
  8053 | Lair:1   | Noticed a spiny frog
  8060 | Lair:1   | Killed a spiny frog
  8132 | Lair:1   | Reached XP level 11. HP: 89/111 MP: 11/11
  8219 | Lair:1   | Reached **** piety under Makhleb
  8297 | Lair:1   | Reached skill level 5 in Dodging
  8664 | Lair:1   | Noticed an oklob plant
  8696 | Lair:2   | Reached skill level 13 in Unarmed Combat
  8791 | Lair:2   | Upgraded the game from 0.23-a0-667-gc184e93 to
                  | 0.23-a0-673-g3803c42
  9128 | Lair:2   | Noticed a six-headed hydra
  9775 | Lair:3   | Noticed a five-headed hydra
  9791 | Lair:3   | HP: 1/113 [ten-headed hydra (6)]
  9791 | Lair:3   | Slain by a ten-headed hydra

Vault maps used:
D:1:      mrwooster_arrival_statue_2, fountainhead
D:2:      first_ration, chequers_ecumenical_altar_island, solitary_fountain,
          nicolae_ashenzari_panopticon, uniq_natasha
D:3:      gammafunk_ghost_icy, dk_noncrumbling_2, uniq_robin
D:4:      uniq_menkaure
D:5:      black_bear_nest_2, minmay_temple_entry_steel_oval,
          nicolae_tso_swordbearing_angel, uniq_duvessa, uniq_eustachio
D:6:      minivault_14, minmay_strange_pillars
D:7:      serial_shops, shop, solitary_fountain
D:8:      kennysheep_little_box, uniq_psyche
D:9:      erik_lair_dragon
D:10:     david_orc_4, uniq_fannar, uniq_joseph
Temple:   compressed_dpeg_circular_temple
Lair:1:   beast_lair_carwin_large_3, minmay_lair_oklob_chamber
Lair:2:   grunt_megastairs_4
Lair:3:   elwin_shoals_entry_stream, minivault_26, worms_lemuel

Skill      XL: |  1  2  3  4  5  6  7  8  9 10 11 |
---------------+----------------------------------+-----
Unarmed Combat | 4 5 6 8 9 11 12 13 | 13.3
Fighting       | 5 6 7 8 |  8.6
Armour         | 1 3 |  3.0
Dodging        | 4 5 |  5.8
Invocations    | 2 4 |  4.4
Stealth        | |  1.0

Action                   |  1- 3 |  4- 6 |  7- 9 | 10-12 || total
-------------------------+-------+-------+-------+-------++-------
Melee: Unarmed           |    56 |   178 |   241 |   290 ||   765
       Punch             |       |     5 |    13 |    18 ||    36
Evoke: Wand              |       |       |       |     4 ||     4
  Use: Scroll            |       |       |    15 |     8 ||    23
       Potion            |       |       |       |     2 ||     2
 Stab: Sleeping          |     2 |     1 |     6 |     3 ||    12
       Distracted        |       |       |     1 |     2 ||     3
  Eat: Chunk             |    11 |    16 |    51 |    28 ||   106
Armor: Robe              |    31 |    44 |    56 |       ||   131
       Troll leather arm |       |       |     6 |    63 ||    69
Dodge: Dodged            |    26 |    65 |    97 |   239 ||   427

Table legend:
 A = Non-vault XP
 B = Vault XP
 C = Vault XP percentage of total XP
 D = Non-vault monster count
 E = Vault monster count
 F = Vault count percentage of total count
                 A         B        C        D         E       F
            +---------+---------+-------+---------+---------+-------
      Total |   13841 |    4246 |  23.5 |     208 |      32 |  13.3
            +---------+---------+-------+---------+---------+-------
        D:1 |      54 |       0 |   0.0 |      22 |       0 |   0.0
        D:2 |     247 |      36 |  12.7 |      27 |       1 |   3.6
        D:3 |     131 |      28 |  17.6 |      22 |       8 |  26.7
        D:4 |     516 |     172 |  25.0 |      18 |       1 |   5.3
        D:5 |     397 |     532 |  57.3 |       9 |       4 |  30.8
        D:6 |     528 |       0 |   0.0 |      18 |       0 |   0.0
        D:7 |     434 |       0 |   0.0 |      15 |       0 |   0.0
        D:8 |    1324 |     410 |  23.6 |      18 |       1 |   5.3
        D:9 |    1894 |     817 |  30.1 |      18 |       6 |  25.0
     Lair:1 |    4285 |    1682 |  28.2 |      20 |       8 |  28.6
     Lair:2 |    3017 |     258 |   7.9 |      10 |       2 |  16.7
     Lair:3 |    1014 |     311 |  23.5 |      11 |       1 |   8.3
            +---------+---------+-------+---------+---------+-------
